 Dungeon Crawl Stone Soup version 0.32-a0-931-g5a2cda0630 (webtiles) character file.

Game seed: 15295495697583485130

4547 ezpacito the Trooper (level 10, -4/77 HPs)
             Began as a Coglin Chaos Knight on Apr 14, 2024.
             Was a Plaything of Xom.
             Slain by a yak (17 damage)
             ... on level 8 of the Dungeon.
             The game lasted 00:12:10 (7356 turns).

ezpacito the Trooper (Coglin Chaos Knight)          Turns: 7356, Time: 00:12:11

Health: -4/77      AC: 14    Str: 20    XL:     10   Next: 40%
Magic:  14/14      EV: 10    Int: 12    God:    Xom [...*..]
Gold:   329        SH:  0    Dex: 12    Spells: 8/15 levels left

rFire   + + .        a - +1 hand axe (chaos) {Fikile}
rCold   x . .        f - +7 Throatcutter {drain, coup de grace}
rNeg    . . .        A - +0 fire dragon scales
rPois   .            r - +0 helmet
rElec   .            y - +1 cloak
rCorr   .            (no gloves)
SInv    +            k - +0 pair of boots
Will    .....        (amulet unavailable)
Stlth   +            (ring unavailable)
HPRegen 0.32/turn    (ring unavailable)
MPRegen 0.14/turn    (no gizmo)

%: no passive effects
@: revving
A: off-hand wielding, slow wielding, warmup strikes, no jewellery, see
invisible, strong 1, subdued magic 1
a: Invent Gizmo, Renounce Religion


You were on level 8 of the Dungeon.
You worshipped Xom.
You were a favourite toy of Xom.
You visited 2 branches of the dungeon, and saw 9 of its levels.
You also visited: Sewer.

You collected 521 gold pieces.
You spent 192 gold pieces at shops.

Inventory:

Hand Weapons
 a - a +1 hand axe of chaos (weapon) {Fikile}
 f - the +7 Throatcutter (offhand) {drain, coup de grace}
   (You found it on level 3 of the Dungeon)
 h - a +3 spear
 p - a +0 war axe
 B - a +0 trident
 C - a +1 orcbow of freezing
Missiles
 c - a throwing net
 e - 4 javelins (quivered)
 s - a curare-tipped dart
 v - 12 boomerangs
 z - 2 darts of dispersal
Armour
 j - a +0 plate armour
 k - a +0 pair of boots (worn)
 r - a +0 helmet (worn)
 y - a +1 cloak (worn)
 A - +0 fire dragon scales (worn)
Magical Staves
 g - a staff of conjuration {Ishleen}
Wands
 m - a wand of flame (28)
Scrolls
 b - a scroll of fog
 i - a scroll of identify
 n - 2 scrolls of poison
 u - a scroll of noise
 w - 2 scrolls of amnesia
 x - 2 scrolls of vulnerability
 D - 2 scrolls of revelation
Potions
 l - 3 potions of attraction
 o - a potion of cancellation


   Skills:
 * Level 6.4 Fighting
 + Level 3.1 Long Blades
 * Level 6.2(7.2) Axes
 * Level 4.7(6.0) Polearms
 + Level 2.6 Throwing
 * Level 5.2 Armour
 * Level 5.0 Dodging
 + Level 3.2 Stealth
 + Level 3.1 Spellcasting
 + Level 1.5 Conjurations
 + Level 4.3 Evocations


You had 8 spell levels left.
You knew the following spells:

 Your Spells              Type           Power      Damage    Failure   Level
a - Fugue of the Fallen   Necr           1%         N/A       92%         3
b - Anguish               Hex/Necr       0%         N/A       100%        4

Your spell library contained the following spells:

 Spells                   Type           Power      Damage    Failure   Level
 Ensorcelled Hibernation  Hex/Ice        2%         N/A       73%         2


Dungeon Overview and Level Annotations

Branches:
Dungeon (8/15)             Temple (1/1) D:5           Sewer (visited)
   Lair: D:8-11

Altars:
Ashenzari
Cheibriados
Dithmenos
Elyvilon
Fedhas
Gozag
Hepliaklqana
Kikubaaqudgha
Makhleb
Nemelex Xobeh
Okawaru
Qazlal
Ru
Sif Muna
Trog
Uskayaw
Vehumet
Wu Jian
Xom
Yredelemnul
Zin
The Shining One

Shops:
D:4 ?


Innate Abilities, Weirdness & Mutations

You can wield a second weapon in your off-hand.
It takes a long time for you to wield or remove held weapons.
Your first few attacks do less damage.
You cannot equip rings or amulets.
You have supernaturally acute eyesight. (SInv)
Your muscles are strong. (Str +4, Int/Dex -1)
Your spells are a little easier to cast, but a little less powerful.


Message History

The yak is moderately wounded.
You hit the yak with your +1 hand axe of chaos.
The yak is poisoned.
The yak gores you but does no damage.
You slash the yak with your +1 hand axe of chaos!
You burn the yak.
The yak is severely wounded.
You hit the yak with the +7 Throatcutter.
You drain the yak. The yak gores you.
You take 6 damage, and have 30/76 hp.
You hit the yak with your +1 hand axe of chaos.
You kill the yak!
Your life force feels restored.
You see here a yak corpse.
You hear an angry hiss.
The orc warrior shouts! "Forecast: mostly cloudy."
You feel a bit more experienced.
You see here a yak corpse.
You catch the helpless yak completely off-guard!
You slash the yak with your +1 hand axe of chaos!
You freeze the yak.
The yak is heavily wounded.
You hit the yak but do no damage.
The yak is poisoned.
You strike the helpless yak from behind!
You slash the yak with the +7 Throatcutter!
The yak gores the yak.
The yak barely misses you.
You slash the yak with the +7 Throatcutter!
You kill the yak!
You catch the helpless yak completely off-guard!
You hit the yak but do no damage.
The yak seems to grow stronger.
Your Dodging skill increases to level 5!
The yak seems less confused.
The yak gores you but does no damage. The yak gores you!!
* * * LOW HITPOINT WARNING * * *
You take 20 damage, and have 13/77 hp.
MASSIVE DAMAGE!!
Okay, then.
The yak attacks as it pursues you! The yak barely misses you.
The yak attacks as it pursues you! The yak gores you!
You die...
Xom thinks this is hilarious!

.$##....
#.#.......
##.#........
#.......... .
#....#....# ..
#....#.##.#...
#..§§.>.......
#.@Y§.......#
#.Y§o##§...##.
##..§§§§§......
#...§######o##.
#....######.
#...........
#.....Y.YY..
#Y.......Yo.
#....###....


You could see 3 yaks and an orc warrior.

Vanquished Creatures
  Pikel (D:7)
  The ghost of Zaelin the Chopper, a novice FoFi (D:5)
  A komodo dragon (D:6)
  A kobold demonologist (D:7)
  Grinder (D:5)
  3 yaks (D:8)
  An orc warrior (D:7)
  3 ogres
  A sky beast (D:7)
  3 centaurs
  A crocodile (Sewer)
  A lemure (D:7)
  A phantom (D:3)
  A kobold brigand (D:3)
  2 bullfrogs (D:8)
  A scorpion (D:7)
  6 wights (D:7)
  2 howler monkeys
  A bombardier beetle (D:5)
  3 quasits (D:5)
  A hound (D:5)
  3 jellies
  7 orc priests
  Crazy Yiuf (D:4)
  A gnoll bouda (D:7)
  A sleepcap (D:7)
  Terence (D:2)
  An iguana (D:5)
  5 orc wizards
  An ogre zombie (D:4)
  7 gnolls
  6 adders
  2 gnoll zombies (D:4)
  2 shadow imps (D:5)
  2 white imps
  6 ufetubi (D:5)
  3 dart slugs
  A ribbon worm (D:2)
  26 orcs
  5 bats
  5 endoplasms
  4 giant cockroaches
  4 goblins
  5 hobgoblins
  5 jackals
  A quokka (D:1)
  7 ball pythons
  3 frilled lizards
  13 kobolds
  5 rats
169 creatures vanquished.

Vanquished Creatures (collateral kills)
  A troll (D:6)
  A hound (D:4)
  A gnoll (D:7)
  An adder (D:5)
4 creatures vanquished.

Vanquished Creatures (others)
  An orc (D:4)
  A kobold (D:3)
2 creatures vanquished.

Grand Total: 175 creatures vanquished

Notes
Turn   | Place    | Note
-------+----------+-------------------------------------------
     0 | D:1      | ezpacito the Coglin Chaos Knight began the quest for the
                  | Orb.
     0 | D:1      | Reached XP level 1. HP: 18/18 MP: 1/1
    31 | D:1      | Reached skill level 1 in Dodging
    75 | D:1      | Reached XP level 2. HP: 23/24 MP: 2/2
   222 | D:1      | XOM: silly message
   403 | D:1      | XOM: give mutations
   403 | D:1      | Gained mutation: Your body sometimes deteriorates upon
                  | taking damage. [Xom's mischief]
   403 | D:1      | Gained mutation: Your magical capacity is low. (-10% MP)
                  | [Xom's mischief]
   612 | D:2      | Noticed Terence
   642 | D:2      | XOM: give mutation
   642 | D:2      | Gained mutation: You are agile. (Dex +4, Str/Int -1) [Xom's
                  | mischief]
   661 | D:2      | Reached XP level 3. HP: 20/29 MP: 3/3
   667 | D:2      | Killed Terence
   937 | D:2      | Reached skill level 1 in Polearms
   937 | D:2      | Reached XP level 4. HP: 35/35 MP: 4/4
  1040 | D:2      | XOM: 1-stop teleportation journey
  1107 | D:2      | XOM: cloud trail
  1530 | D:3      | Reached skill level 1 in Evocations
  1693 | D:3      | Reached XP level 5. HP: 17/41 MP: 5/5
  1703 | D:3      | Noticed a phantom
  1716 | D:3      | Killed a phantom
  1717 | D:3      | Reached skill level 1 in Spellcasting
  1791 | D:3      | XOM: 4-stop teleportation journey
  1815 | D:3      | Found the +7 Throatcutter {drain, coup de grace}
  1815 | D:3      | Noticed a kobold brigand
  1832 | D:3      | Killed a kobold brigand
  1833 | D:3      | Reached skill level 1 in Stealth
  1833 | D:3      | Reached XP level 6. HP: 43/48 MP: 6/6
  1833 | D:3      | XOM: chaos cloud
  1903 | D:3      | XOM: noise
  1917 | D:3      | XOM: confuse monster(s)
  2303 | D:4      | XOM: cloud trail
  2374 | D:4      | Found a transporter.
  2384 | D:4      | Found a transporter.
  2394 | D:4      | Reached XP level 7. HP: 22/54 MP: 8/8
  2399 | D:4      | Lost mutation: Your body sometimes deteriorates upon taking
                  | damage. [potion of mutation]
  2399 | D:4      | Lost mutation: You are agile. (Dex +4, Str/Int -1) [potion
                  | of mutation]
  2399 | D:4      | Lost mutation: Your magical capacity is low. (-10% MP)
                  | [potion of mutation]
  2399 | D:4      | Gained mutation: Your spells are a little easier to cast,
                  | but a little less powerful. [potion of mutation]
  2399 | D:4      | Gained mutation: Your muscles are strong. (Str +4, Int/Dex
                  | -1) [potion of mutation]
  2399 | D:4      | Gained mutation: You have supernaturally acute eyesight.
                  | (SInv) [potion of mutation]
  2484 | D:4      | XOM: summons friendly ufetubus
  2492 | D:4      | XOM: 8-stop teleportation journey
  2533 | D:4      | XOM: stat loss: -1 Dex (11/12)
  2551 | D:4      | Found a glowing drain.
  2561 | Sewer    | Entered a sewer
  2731 | D:4      | XOM: 2-stop teleportation journey
  2867 | D:4      | Reached skill level 1 in Long Blades
  2889 | D:4      | XOM: torment (29/55 hp)
  2995 | D:4      | Found Osao's Magic Scroll Shop.
  3004 | D:4      | Bought a scroll of fog for 48 gold pieces
  3004 | D:4      | Bought a scroll of identify for 24 gold pieces
  3004 | D:4      | Bought a scroll of identify for 24 gold pieces
  3004 | D:4      | Bought a scroll of teleportation for 36 gold pieces
  3004 | D:4      | Bought a scroll of noise for 12 gold pieces
  3004 | D:4      | Bought a scroll of vulnerability for 48 gold pieces
  3045 | D:4      | Found a runed translucent door.
  3046 | D:4      | Noticed Crazy Yiuf
  3135 | D:4      | XOM: summons 4 hostile shadow creatures
  3391 | D:4      | Found an ornate altar of the Wu Jian Council.
  3396 | D:4      | XOM: god gift: ruby potion {god gift}
  3712 | D:4      | Killed Crazy Yiuf
  3713 | D:4      | Reached XP level 8. HP: 61/61 MP: 10/10
  4017 | D:5      | Entered Level 5 of the Dungeon
  4039 | D:5      | Found a transporter.
  4046 | D:5      | Reached skill level 1 in Throwing
  4080 | D:5      | Noticed Zaelin's ghost (novice FoFi)
  4081 | D:5      | XOM: silly message
  4087 | D:5      | Found a transporter.
  4487 | D:5      | Noticed Grinder
  4648 | D:4      | XOM: noise
  4673 | D:5      | Found a stormy altar of Qazlal.
  4794 | D:5      | Found a staircase to the Ecumenical Temple.
  4806 | Temple   | Entered the Ecumenical Temple
  4887 | D:5      | XOM: noise
  5194 | D:5      | Killed Grinder
  5195 | D:5      | Reached skill level 5 in Fighting
  5318 | D:5      | XOM: enchant monster (good)
  5344 | D:5      | Killed Zaelin's ghost
  5345 | D:5      | Reached skill level 5 in Axes
  5345 | D:5      | Reached XP level 9. HP: 66/68 MP: 12/12
  5435 | D:6      | Found a snail-covered altar of Cheibriados.
  5527 | D:6      | Noticed a troll
  5530 | D:6      | Noticed a komodo dragon
  5534 | D:6      | XOM: summons friendly quasit
  5539 | D:6      | XOM: divination: magic mapping
  5541 | D:6      | XOM: confuse monster(s)
  5542 | D:6      | Killed a troll
  5797 | D:6      | Found a glowing silver altar of Zin.
  5797 | D:6      | Found a burning altar of Makhleb.
  5897 | D:6      | XOM: 1-stop teleportation journey
  5921 | D:6      | Killed a komodo dragon
  6006 | D:6      | XOM: cloud trail
  6223 | D:7      | Learned a level 3 spell: Fugue of the Fallen
  6228 | D:7      | Learned a level 4 spell: Anguish
  6273 | D:7      | Noticed a kobold demonologist
  6273 | D:7      | XOM: silly message
  6277 | D:7      | XOM: scenery: create altars
  6278 | D:7      | Noticed a hellwing
  6279 | D:7      | XOM: summons 7 friendly demons
  6307 | D:7      | Killed a kobold demonologist
  6491 | D:7      | XOM: 3-stop teleportation journey
  6544 | D:7      | Reached skill level 1 in Conjurations
  6742 | D:7      | Reached XP level 10. HP: 70/74 MP: 14/14
  6764 | D:7      | Noticed Pikel
  6771 | D:7      | Killed Pikel
  6772 | D:7      | Reached skill level 5 in Armour
  6776 | D:7      | XOM: summons friendly crimson imp
  7087 | D:7      | Found a sacrificial altar of Ru.
  7096 | D:7      | Found an ancient bone altar of Kikubaaqudgha.
  7287 | D:8      | XOM: summons 4 friendly demons
  7333 | D:8      | XOM: confuse monster(s)
  7351 | D:8      | XOM: fog
  7355 | D:8      | Reached skill level 5 in Dodging
  7356 | D:8      | Slain by a yak

Illustrated notes

Levels and vault maps discovered:
D:1:      elethiomel_arrival_shortcut, layout_loops_ring,
          minmay_misc_feat_plants
D:2:      layout_loops_ring, uniq_terence
D:3:      layout_basic, interstate_on_off, dilly_guarded_unrand_throatcut
D:4:      gammafunk_cloud_chamber, layout_basic, nzn_wu_jian_council_hall,
          serial_shops, shop, mainiacjoe_sewer_entry_somewhere_in_here_2,
          uniq_crazy_yiuf_cottage
D:5:      layout_cave_pods, mainiacjoe_overflow_boulevard,
          minmay_temple_entry_wispy, gammafunk_ghost_stat_death,
          roderic_lattice_a, uniq_grinder
D:6:      layout_rooms, grunt_temple_overflow_order_and_chaos_2,
          kennysheep_slug_shrine
D:7:      layout_loops_ring, mainiacjoe_overflow_swirl, st_stairs_4, uniq_pikel
D:8:      layout_basic
Temple:   regret_index_temple_generic_petals

Skill      XL: |  1  2  3  4  5  6  7  8  9 10 |
---------------+-------------------------------+-----
Dodging        | 1 2 3 4 5 |  5.0
Armour         | 2 3 4 5 |  5.2
Polearms       | 1 2 3 4 |  4.7
Evocations     | 1 2 3 4 |  4.3
Spellcasting   | 1 2 3 |  3.1
Stealth        | 1 2 3 |  3.2
Fighting       | 4 5 6 |  6.4
Axes           | 4 5 6 |  6.2
Long Blades    | 1 2 3 |  3.1
Throwing       | 1 2 |  2.6
Conjurations   | 1 |  1.5

Action                     |  1- 3 |  4- 6 |  7- 9 | 10-12 || total
---------------------------+-------+-------+-------+-------++-------
  Melee: Hand axe          |    55 |    86 |   136 |    24 ||   301
         Dagger            |    33 |       |       |       ||    33
         Staff             |    14 |    65 |       |       ||    79
         Long sword        |       |    23 |   158 |    29 ||   210
  Evoke: Wand              |       |       |       |     4 ||     4
    Use: Potion            |     1 |     3 |    15 |       ||    19
         Scroll            |     1 |       |    14 |     2 ||    17
   Stab: Confused          |       |     4 |       |     3 ||     7
         Invisible         |       |       |     6 |       ||     6
         Petrifying        |       |       |     1 |       ||     1
 Armour: Leather armour    |    24 |       |       |       ||    24
         Chain mail        |     8 |    81 |    41 |       ||   130
         Fire dragon scale |       |       |   189 |    30 ||   219
  Dodge: Dodged            |    30 |    31 |   178 |    27 ||   266

Table legend: (Time is in decaauts)
 A = Elapsed time spent in this place.
 B = Non-inter-level travel time spent in this place.
 C = Inter-level travel time spent in this place.
 D = Time resting spent in this place.
 E = Time spent auto-exploring this place.
 F = Levels seen in this place.
 G = Mean time per level.
                   A        B        C        D        E       F      G
               +--------+--------+--------+--------+--------+-----+--------+
         Total |   7412 |   6879 |    533 |    216 |   5397 |  10 |  741.2 |
       Dungeon |   7268 |   6736 |    532 |    216 |   5299 |   8 |  908.5 |
        Temple |      1 |      1 |      0 |      0 |      0 |   1 |    1.0 |
         Sewer |    142 |    142 |      0 |      0 |     98 |   1 |  142.0 |
               +--------+--------+--------+--------+--------+-----+--------+

Top non-repeatable levels by time:
     D:4: 1825 daAuts
     D:5: 1272 daAuts
     D:7: 1136 daAuts
     D:3: 930 daAuts
     D:2: 709 daAuts
     D:6: 707 daAuts
     D:1: 599 daAuts
   Sewer: 142 daAuts
     D:8: 88 daAuts
  Temple: 1 daAuts
